 Dungeon Crawl Stone Soup version 0.25-b1-46-gb8a1ec05df (webtiles) character file.

Game seed: 7294496276948103176

55 gruber the Shield-Bearer (level 3, 0/20 HPs)
             Began as a Vine Stalker Fighter on June 10, 2020.
             Slain by a phantom (5 damage)
             ... on level 2 of the Dungeon.
             The game lasted 00:01:21 (1277 turns).

gruber the Shield-Bearer (Vine Stalker Fighter)     Turns: 1277, Time: 00:01:21

Health: 0/20       AC:  6    Str: 19    XL:     3   Next: 93%
Magic:  0/4        EV:  7    Int:  8    God:
Gold:   144        SH:  9    Dex: 13    Spells: 2/2 levels left

rFire    + . .     SeeInvis .   a - +0 rapier
rCold    . . .     Gourm    .   c - +0 kite shield
rNeg     . . .     Faith    .   b - +0 scale mail
rPois    .         Spirit   +   (no helmet)
rElec    .         Reflect  .   (no cloak)
rCorr    .         Harm     .   (no gloves)
MR       .....                  (no boots)
Stlth    ..........             (no amulet)
HPRegen  0.06/turn              q - ring of protection from fire
MPRegen  0.09/turn              (no ring)

@: no status effects
A: fangs 2, magic shield, antimagic bite, no potion heal 3, rot immunity
a: no special abilities


You were on level 2 of the Dungeon.
You were not hungry.

You visited 1 branch of the dungeon, and saw 3 of its levels.

You collected 144 gold pieces.

Inventory:

Hand Weapons
 a - a +0 rapier (weapon)
Armour
 b - a +0 scale mail (worn)
 c - a +0 kite shield (worn)
Jewellery
 o - an uncursed ring of ice
 q - a ring of protection from fire (left hand)
Scrolls
 e - a scroll of teleportation {unknown}
 g - a scroll of amnesia {unknown}
 i - a scroll of random uselessness {unknown}
 p - a scroll of identify {unknown}
 r - a scroll of fear {unknown}
Potions
 d - 2 potions of might
 j - a potion of lignification {unknown}
 k - a potion of berserk rage {unknown}
 l - a potion of haste {unknown}
 m - a potion of degeneration {unknown}
 n - a potion of mutation {unknown}
Comestibles
 f - 2 rations
 h - 7 chunks of flesh


   Skills:
 + Level 3.5 Fighting
 - Level 1.7 Short Blades
 - Level 2.4 Armour
 + Level 3.5 Shields


You had 2 spell levels left.
You didn't know any spells.
Your spell library was empty.

Dungeon Overview and Level Annotations

Branches:
Dungeon (3/15)

Altars:


Innate Abilities, Weirdness & Mutations

You have extremely sharp teeth.
When hurt, damage is shared between your health and your magic reserves.
Your bite disrupts and absorbs the magic of your enemies.
Potions cannot restore your health.
You are immune to rotting.


Message History

You are too injured to fight recklessly!
You are too injured to fight recklessly!
You are too injured to fight recklessly!
You are too injured to fight recklessly!
You are too injured to fight recklessly!
You are too injured to fight recklessly!
You are too injured to fight recklessly!
You are too injured to fight recklessly!
You are too injured to fight recklessly!
You are too injured to fight recklessly!
You are too injured to fight recklessly!
You are too injured to fight recklessly!
You hit the phantom. Your bite misses the phantom.
The phantom is heavily damaged.
The phantom hits you.
* * * LOW HITPOINT WARNING * * *
You barely miss the phantom. You bite the phantom, but do no damage.
The phantom is heavily damaged.
The phantom hits you.
You die...

.......#...#..###
##......#.........
......#.#...###.#
####..#.#...#
....#.###.#
.#...#.....#
..........# #
##.####.##.#
#.@W.# ######


You could see a phantom.

Vanquished Creatures
  A worm (D:2)
  2 dart slugs (D:1)
  2 leopard geckos
  A ball python (D:2)
  8 bats
  4 giant cockroaches
  5 goblins
  5 hobgoblins
  3 kobolds
  A quokka (D:2)
  5 frilled lizards
  7 rats
44 creatures vanquished.

Notes
Turn   | Place    | Note
-------+----------+-------------------------------------------
     0 | D:1      | gruber the Vine Stalker Fighter began the quest for the
                  | Orb.
     0 | D:1      | Reached XP level 1. HP: 11/11 MP: 2/2
   114 | D:1      | Reached XP level 2. HP: 16/16 MP: 3/3
   293 | D:1      | Reached XP level 3. HP: 20/20 MP: 4/4
   847 | D:2      | You fall into a shaft and drop 1 floor!
  1269 | D:2      | Noticed a phantom
  1277 | D:2      | Slain by a phantom

Illustrated notes

Levels and vault maps discovered:
D:1:      heliophobic_arrival_ceremonial_halls, layout_basic,
          serial_corexii_hall, corexii_hall_statues_deadend,
          corexii_hall_statues_i, minmay_misc_feat_five, minmay_splitting_lines,
          minmay_hexomino_c4
D:2:      layout_basic
D:3:      layout_basic

Skill      XL: |  1 |
---------------+----+-----
Fighting       | 3 |  3.5
Shields        | 3 |  3.5
Short Blades   | |  1.7
Armour         | |  2.4

Action                   || total
-------------------------++-------
Melee: Rapier            ||    97
       Bite              ||    31
  Eat: Chunk             ||     1
Armor: Scale mail        ||    41
Dodge: Dodged            ||    23
Block: Kite shield       ||    46
